[Event "US Masters 2022"]
[Site "Charlotte"]
[Date "2022.11.25"]
[Round "3.10"]
[White "Petenyi, Tamas"]
[Black "Balakrishnan, Praveen"]
[Result "1/2-1/2"]
[ECO "C77"]
[WhiteElo "2410"]
[BlackElo "2510"]
[Annotator "TA"]
[PlyCount "38"]
[EventDate "2022.11.23"]
[EventType "swiss"]
[EventCountry "USA"]
[SourceTitle "playchess.com"]
[Source "ChessBase"]
[SourceQuality "1"]
[TimeControl "5400+30"]

1. e4 e5 2. Nf3 Nc6 3. Bb5 a6 4. Ba4 Nf6 5. Qe2 b5 6. Bb3 Bc5 7. c3 d6 8. d3 h6 {[%emt 0:01:28] 8...0-0 is vanishing. C77: Ruy Lopez: 3...a6 4 Ba4 Nf6, unusual lines.} 9. h3 O-O 10. g4 Nh7 {[%emt 0:16:33] [#] White has an edge.} 11. g5 $146 ({Predecessor:} 11. Bd5 Bd7 12. g5 hxg5 13. Rg1 g4 14. hxg4 Rb8 15. Qf1 Ne7 16. Bb3 Ng6 17. Qh3 {0-1 (41) Delgado Ramirez,N (2623)-Vera Siguenas,D (2483) Antofagasta 2019}) 11... hxg5 12. Rg1 Be6 (12... Bxh3 $2 13. Nxg5 Qf6 14. Nxh7 Kxh7 15. Rh1 $18) 13. Bxg5 (13. Nxg5 {with more complications.} Qf6 14. Nxh7 Kxh7 15. Bg5) 13... Nxg5 14. Nxg5 {[%emt 0:00:06] [#] Black must now prevent Qh5.} Qf6 15. Nd2 Qh6 {[%emt 0:06:03] Inhibits Qh5.} 16. O-O-O Bxb3 (16... Bxh3 $2 17. Nxh3 Na5 18. Ng5 $18) 17. axb3 f5 $2 {[%emt 0:01:55] [#]} (17... a5 $15 {stays ahead.} 18. Kc2 (18. d4 $2 exd4 19. cxd4 Nxd4 $19) 18... Bb6) 18. Kb1 (18. Rg2 $16) 18... Ne7 $14 19. Rg2 Bb6 {[%emt 0:05:44] Weighted Error Value: White=0.14 (very precise) /Black=0.28 (precise)} 1/2-1/2

[Event "US Masters 2022"]
[Site "Charlotte"]
[Date "2022.11.25"]
[Round "3.11"]
[White "Siddharth, Jagadeesh"]
[Black "Budisavljevic, Luka"]
[Result "1/2-1/2"]
[ECO "A61"]
[WhiteElo "2407"]
[BlackElo "2505"]
[Annotator "TA"]
[PlyCount "37"]
[EventDate "2022.11.23"]
[EventType "swiss"]
[EventCountry "USA"]
[SourceTitle "playchess.com"]
[Source "ChessBase"]
[SourceQuality "1"]
[TimeControl "5400+30"]

1. d4 {[%emt 0:01:50] ChessBase II} e6 2. c4 c5 3. d5 exd5 4. cxd5 d6 5. Nc3 g6 6. Nf3 Nf6 7. Bf4 Bg7 8. e3 {[%emt 0:00:13] A61: Modern Benoni: Nf3 without early e4.} O-O 9. h3 Ne8 10. Be2 {[%emt 0:00:10] White has an edge.} Nd7 11. O-O Ne5 12. Bxe5 dxe5 13. Nd2 f5 {[%emt 0:00:00] [#]} 14. Nc4 $146 ({Predecessor:} 14. Qb3 Nd6 15. Nc4 e4 16. Nb5 Nxb5 17. Qxb5 b6 18. d6 Bd7 19. Qb3 b5 20. Nb6+ {0-1 (45) Tal,M-Spassky,B Leningrad 1954 EXT 2000 [ChessBase II]}) 14... Kh8 15. a4 b6 16. a5 {[%emt 0:05:14] [#] Strongly threatening axb6.} Ba6 17. axb6 axb6 18. Qb3 Bxc4 19. Rxa8 {[%emt 0:01:53] Weighted Error Value: White=0.08 (flawless) /Black=0.03 (flawless)} 1/2-1/2

[Event "US Masters 2022"]
[Site "Charlotte"]
[Date "2022.11.24"]
[Round "3.12"]
[White "Zapata, Alonso"]
[Black "Beradze, Irakli"]
[Result "1/2-1/2"]
[WhiteElo "2336"]
[BlackElo "2494"]
[Annotator "TA"]
[PlyCount "39"]
[EventDate "2022.11.23"]
[EventType "swiss"]
[EventCountry "USA"]
[SourceTitle "playchess.com"]
[Source "ChessBase"]
[SourceQuality "1"]
[TimeControl "5400+30"]

1. e4 e5 2. Nf3 Nc6 3. Bb5 a6 4. Ba4 Nf6 5. O-O Be7 6. Re1 b5 7. Bb3 O-O 8. a4 Bb7 {[%emt 0:00:19] [#]} {Predecessor:} 9. d3 $146 {C88: Closed Ruy Lopez: Anti-Marshall Systems.} d6 10. Nbd2 Na5 11. Ba2 c5 12. c3 h6 13. h3 Re8 14. Nf1 c4 15. b4 cxb3 16. Bxb3 Nxb3 17. Qxb3 Qd7 18. axb5 axb5 19. Ba3 Bd8 20. Ng3 {½-½ (45) Zhao,J (2619)-Ding,L (2808) Fuling 2022} 1/2-1/2

[Event "US Masters 2022"]
[Site "Charlotte"]
[Date "2022.11.25"]
[Round "3.13"]
[White "Oberoi, Shelev"]
[Black "Neef, Maximilian"]
[Result "1/2-1/2"]
[ECO "C01"]
[WhiteElo "2328"]
[BlackElo "2481"]
[Annotator "TA"]
[PlyCount "72"]
[EventDate "2022.11.23"]
[EventType "swiss"]
[EventCountry "USA"]
[SourceTitle "playchess.com"]
[Source "ChessBase"]
[SourceQuality "1"]
[TimeControl "5400+30"]

1. e4 e6 2. d4 d5 3. Bd3 dxe4 4. Bxe4 Nf6 5. Bf3 Nbd7 6. Ne2 {[%emt 0:00:09][%cal Bg1e2,Be2g3,Bg3f5,Bf5d6][%mdl 32] C01: French: Exchange Variation.} e5 {[%emt 0:02:54] [#] Hoping for ...e4.} 7. O-O Bd6 {[%emt 0:01:20] And now ...e4 would win.} ({Don't play} 7... e4 8. Ng3 $15) 8. Ng3 {[%emt 0:03:23] Prevents e4.} O-O 9. Nf5 Re8 10. Nxd6 cxd6 11. Nc3 e4 12. Be2 Nf8 {[%emt 0:00:05] [#]} 13. f3 $146 ({Predecessor:} 13. Bg5 h6 14. Bh4 Ng6 15. Bg3 a6 16. d5 Ne7 17. a4 Nf5 18. Qd2 Bd7 19. Bf4 {1-0 (41) Harshavardhan,G (2362)-Sankalp,G (2369) Mumbai 2019}) 13... exf3 $1 14. Bxf3 {[%emt 0:00:58] next Bg5 is good for White.} h6 $1 {[%emt 0:00:28] Inhibits Bg5.} 15. Nd5 {[%emt 0:03:55] Strongly threatening Nxf6+.} N6h7 16. Qd3 Be6 17. Bd2 Rc8 18. Rae1 (18. b3 {simplifies} Ng5 19. c4 Nxf3+ 20. Qxf3 Bxd5 21. Qxd5 Rc7 22. Rf2) 18... Ng5 19. c4 Nxf3+ 20. Qxf3 Qh4 21. b3 {[%emt 0:08:48] Active counter play!} ({White should try} 21. Bc3 $14) 21... Qxd4+ $11 22. Be3 Qh4 (22... Qg4 $11 {remains equal.}) 23. g3 (23. Bxa7 $2 {too greedy.} Bxd5 24. Bf2 Bxf3 $19) (23. Nf4 $16) 23... Qg4 {[%emt 0:05:00] The position is equal.} 24. Qxg4 ({Much worse is} 24. Bxa7 Qxf3 25. Rxf3 Bxd5 26. Rxe8 Rxe8 $17) 24... Bxg4 25. Bxh6 {[%emt 0:07:18][%mdl 64] [#]} Bh3 26. Rxe8 Rxe8 27. Ra1 a6 28. Bf4 Re2 29. Nc3 Rg2+ 30. Kh1 Ne6 {[%emt 0:01:19] ...Nd4 is the strong threat.} 31. Be3 {[%emt 0:00:39] Inhibits Nd4.} Nc5 32. Rg1 Rb2 33. Rb1 Rc2 34. Rc1 $1 Rb2 {[%emt 0:00:54] White must now prevent ...Nd3.} 35. Rb1 Rc2 36. Rc1 $1 Rb2 {[%emt 0:00:50] Weighted Error Value: White=0.09 (flawless) /Black=0.08 (flawless)} 1/2-1/2

[Event "US Masters 2022"]
[Site "Charlotte"]
[Date "2022.11.25"]
[Round "3.14"]
[White "Chandra, Akshat"]
[Black "Chen, Ryo"]
[Result "1-0"]
[ECO "B66"]
[WhiteElo "2472"]
[BlackElo "2269"]
[Annotator "TA"]
[PlyCount "99"]
[EventDate "2022.11.23"]
[EventType "swiss"]
[EventCountry "USA"]
[SourceTitle "playchess.com"]
[Source "ChessBase"]
[SourceQuality "1"]
[TimeControl "5400+30"]

1. e4 c5 2. Nf3 d6 3. d4 cxd4 4. Nxd4 Nf6 5. Nc3 Nc6 6. Bg5 a6 7. Qd2 Qb6 8. Nb3 e6 9. O-O-O Qc7 {[%emt 0:00:34] B66: Sicilian: Richter-Rauzer: 7...a6 8 0-0-0 h6.} 10. Kb1 b5 11. f4 Be7 {[%emt 0:03:40] White is slightly better.} 12. Bxf6 gxf6 13. g3 {[%emt 0:05:08] [#]} (13. a3 $14) 13... b4 $146 ({Predecessor:} 13... Bd7 14. Bg2 O-O-O 15. Qe3 Kb8 16. Rd2 Bc8 17. Rhd1 Bb7 18. Bf3 Rc8 19. Ne2 Rhd8 {0-1 (45) Landers Rodriguez,J (2241)-Balcazar Novoa,L (2318) ICCF email 2006}) 14. Ne2 e5 15. g4 Bxg4 16. Rg1 Be6 17. Ng3 {[%emt 0:07:43][%mdl 1024] White has compensation.} (17. f5 $5 Bd7 18. Qd5 $11) 17... Qb6 18. Be2 a5 19. f5 {[%emt 0:01:17] Prevents a4.} Bd7 20. Bc4 a4 21. Nc1 Nd4 22. Qh6 (22. Nh5 $15) 22... Qc5 (22... Rc8 $142 23. Bd3 Bb5) 23. Bd3 (23. Qg7 $2 Rf8 24. b3 Bc6 $17) 23... a3 24. Nb3 Qa7 {[%emt 0:00:00] Threatens to win with ...axb2.} (24... Nxb3 $6 25. cxb3 Qf2 26. bxa3 (26. Qd2 Qxd2 27. Rxd2 Rg8 $15) 26... bxa3 27. Ne2 $11) 25. Bc4 (25. Nxd4 $17 {was worth a try.} Qxd4 26. Qc1) 25... Nf3 (25... axb2 26. Nxd4 exd4 27. Ne2 $14) (25... Nb5 $1 $19 {And now ...axb2 would win.} 26. Bxb5 Bxb5) 26. Bxf7+ Kd8 (26... Kxf7 $17 27. Nh5 Raf8 28. Rg7+ Ke8 29. Rxe7+ Kxe7 30. Qg7+ Kd8 31. Nxf6 Kc8) 27. Bd5 Kc7 $1 $17 (27... Nxg1 $6 28. Bxa8 Qxa8 29. Rxg1 $15) 28. Rgf1 axb2 $1 29. Nc5 {[%emt 0:02:48] [#]} (29. Kxb2 $17 {was forced.} Qxa2+ 30. Kc1 Qa3+ 31. Kb1 Qa2+ 32. Kc1 Qa3+ 33. Kb1 Qa2+ 34. Kc1) 29... dxc5 $1 30. Rxf3 {[%emt 0:00:04] [#]} Bb5 $2 31. Qg7 $1 $11 {[%emt 0:00:41] Prevents c4. Chess con chili.} Kb6 $40 {[%emt 0:00:14][%cal Oc5c4][%mdl 128] Strongly threatening ...c4! Black is up to no good.} 32. Bxa8 Rxa8 33. Qf7 {[%emt 0:00:01] Active counter play!} Qa6 34. Qe6+ $16 (34. Qxe7 $2 Qxa2#) 34... Bc6 {[%emt 0:00:09][%cal Oc5c4] [#] White must now prevent ...c4!} 35. Qb3 {[%emt 0:00:08][%mdl 8192] [#]} (35. Qxe7 $2 Qxa2#) (35. Kxb2 $2 c4 36. Kc1 (36. Qxe7 $2 c3+ $19) 36... Bc5 $19) (35. a3 $1 $16 {is forced if you want to stay better.} Ra7 36. c4 (36. Kxb2 c4 $17)) 35... c4 $1 $19 (35... Qa3 36. Qxa3 bxa3 37. c4 $16) 36. Qxb2 Qb5 37. c3 $2 (37. h4 {keeps fighting.}) 37... Ra3 38. Rd2 b3 (38... Rxc3 39. a4 Rxf3 40. axb5 $14) 39. Qc1 Bc5 (39... bxa2+ 40. Ka1 $11) 40. Rb2 Kc7 (40... bxa2+ 41. Ka1 Rb3 42. Rxa2 $11) 41. h4 Qb7 (41... bxa2+ 42. Ka1 Qa5 43. Qc2 $11) 42. Qf1 Qa6 (42... Bxe4+ 43. Nxe4 Qxe4+ 44. Ka1 $15) (42... bxa2+ 43. Ka1 Rb3 44. Rxa2 $17 (44. Qxc4 Rxb2 45. Qf7+ Bd7)) 43. Qe2 Bb5 $2 {[%emt 0:00:28] This pair of bishops is nice.} ({Black should try} 43... Qa8 $19 {...Ra4 is the strong threat.} 44. Ka1 (44. Qxc4 $2 Rxa2 45. Qf7+ Bd7 $19) 44... Ra5) 44. Nf1 (44. Nh5 $1 $14) 44... Qa8 $11 {[%emt 0:00:23] aiming for ...Bc6.} 45. Rg3 Kb6 46. Rg7 Qa5 $2 (46... Bd4 $11 {and Black has nothing to worry.} 47. Rg3 (47. cxd4 $2 c3 $19) 47... bxa2+ 48. Rxa2 Rxa2 49. Qxa2 Qxe4+ 50. Qc2 Qf4) 47. Ne3 $18 (47. Rxh7 Qxc3 48. Rh8 bxa2+ 49. Rxa2 Qb3+ 50. Rb2 Qa4 51. Rxb5+ Kxb5 52. Qb2+ Rb3 53. Rb8+ Bb6 $19) (47. axb3 cxb3) 47... Ka6 (47... bxa2+ {is a better defense.} 48. Ka1 Rxc3 49. Qxc4 (49. Nxc4+ Rxc4 50. Qxc4 Qe1+ 51. Kxa2 Qa5+ 52. Kb1 Qe1+ 53. Qc1 Qxe4+ 54. Qc2 Qe1+ 55. Qc1 Qe4+ 56. Ka2 Qa4+ 57. Kb1 Qe4+ $11) 49... Bxe3 50. Rxb5+ Qxb5 51. Rb7+ (51. Qxc3 $2 Qb1#) 51... Kxb7 52. Qxb5+ Kc7 53. Qa5+ (53. Kxa2 Rc2+ 54. Kb3 Rc6 $18) 53... Kb7 54. Qb5+ (54. Qxc3 $2 Bd4 $19) 54... Kc7 55. Qa5+ (55. Kxa2 Rc2+ 56. Kb3 Rc6 $18) 55... Kb7 56. Qxa2 (56. Qxc3 $2 Bd4 $19) 56... Rc7) 48. Nd5 (48. Nxc4 $2 {loses.} Qxc3 49. axb3 Rxb3 50. Rxb3 Qxb3+ 51. Qb2 Qd3+ 52. Qc2 Bxc4 53. Qxd3 Bxd3+ 54. Kc1 Bxe4 55. Rxh7 Bxf5 $19) 48... Bd6 49. Qf2 (49. Qe3 $142 Bd7 50. Rxd7) 49... bxa2+ 50. Ka1 {[%emt 0:00:15] Weighted Error Value: White=0.33/Black=0.61} 1-0

[Event "US Masters 2022"]
[Site "Charlotte"]
[Date "2022.11.25"]
[Round "3.15"]
[White "Hiwale, Ronak"]
[Black "Escalante Ramirez, Brian Sebasti"]
[Result "0-1"]
[ECO "E68"]
[WhiteElo "1970"]
[BlackElo "2468"]
[Annotator "TA"]
[PlyCount "72"]
[EventDate "2022.11.23"]
[EventType "swiss"]
[EventCountry "USA"]
[SourceTitle "playchess.com"]
[Source "ChessBase"]
[SourceQuality "1"]
[TimeControl "5400+30"]

1. d4 Nf6 2. c4 g6 3. g3 Bg7 4. Bg2 O-O 5. Nf3 d6 6. O-O Nbd7 7. Nc3 e5 8. e4 c6 9. Qc2 Qb6 {[%emt 0:28:30] E68: King's Indian: Fianchetto: 6...Nbd7 7 0-0 e5 8 e4.} 10. Na4 {[%emt 0:12:00] [#]} Qa6 $146 ({Predecessor:} 10... Qc7 11. Rd1 Re8 12. h3 Nf8 13. Nc3 Ne6 14. Be3 Bd7 15. Rac1 Rad8 16. b4 exd4 17. Nxd4 Nxd4 18. Bxd4 {1-0 (37) Slaba,A (1840)-Ruzic,P (1488) Mamaia 2017}) 11. dxe5 $1 dxe5 {[%emt 0:04:16][%cal Of6e4] White is slightly better.} 12. c5 b5 13. Nc3 b4 14. Nd1 (14. Na4 $5) 14... Qb5 15. Be3 a5 16. b3 Ba6 17. Re1 Qd3 $1 {[%emt 0:01:42] Inhibits Bf1.} 18. Qxd3 Bxd3 19. Nd2 $1 Ng4 20. Rc1 ({White should play} 20. Bh3 $11 Nxe3 21. Rxe3) 20... Rfd8 $15 21. Nb2 {[%emt 0:13:56] Black converts the advantage convincingly.} (21. Bg5 $15) 21... Nxe3 $17 {[%emt 0:01:07] Black has more active pieces.} 22. fxe3 Bb5 {[%emt 0:01:40][%cal Od7c5] A strong pair of Bishops.} 23. Nf3 Bf8 24. Bf1 (24. Nc4 $17) 24... Nxc5 $19 (24... Bxc5 25. Nd3 Bxd3 26. Bxd3 $17) 25. Nxe5 Rd2 {[%emt 0:00:07] Against Rc2} ({And not} 25... Nxe4 26. Nxc6 Bxc6 27. Rxc6 $17) 26. Nbc4 (26. Rb1) 26... Rxa2 27. Nb6 (27. Rb1 $142) 27... Rd8 28. Bxb5 cxb5 29. Nd5 Nxe4 30. Nc7 Rdd2 {[%emt 0:02:17] [#] ( -> ...Rg2+)} 31. Nf3 Rg2+ 32. Kh1 Bd6 {[%emt 0:00:12][%cal Od6g3] White must now prevent ...Bxg3!} 33. Nxb5 {[%emt 0:02:27] [#]} Bxg3 $1 34. Rc8+ Kg7 35. Rf1 Bxh2 36. Ng5 Ng3# {[%emt 0:00:06] Weighted Error Value: White=0.85/Black=0.02 (flawless)} 0-1

[Event "US Masters 2022"]
[Site "Charlotte"]
[Date "2022.11.25"]
[Round "3.16"]
[White "Ozenir, Ekin Baris"]
[Black "Liang, Awonder"]
[Result "1/2-1/2"]
[ECO "E01"]
[WhiteElo "2352"]
[BlackElo "2630"]
[Annotator "TA"]
[PlyCount "79"]
[EventDate "2022.11.23"]
[EventType "swiss"]
[EventCountry "USA"]
[SourceTitle "playchess.com"]
[Source "ChessBase"]
[SourceQuality "1"]
[TimeControl "5400+30"]

1. d4 Nf6 2. c4 e6 3. Nf3 d5 4. g3 Bd6 5. Bg2 O-O 6. O-O c6 7. Nbd2 Ne4 8. b3 f5 9. Bb2 Nd7 10. Qc2 Qe7 {[%emt 0:01:26] E01: Catalan: Early deviations.} 11. Rac1 a5 12. Ne5 Nxd2 13. Qxd2 {[%emt 0:01:41] [#]} Nxe5 $146 ({Predecessor:} 13... Nf6 14. c5 Bc7 15. a4 Bd7 16. Qc2 Be8 17. Rce1 h5 18. Qc1 h4 19. gxh4 Ne4 {½-½ (94) Maharramzade,J (2459)-Sargissian,G (2520) Tbilisi 2001}) 14. dxe5 Bb4 15. Qe3 a4 16. cxd5 exd5 17. Bd4 (17. Qd4 $11) 17... f4 $15 18. gxf4 Qh4 19. Qg3 Qxf4 20. Qxf4 Rxf4 21. e3 Rg4 22. Kh1 Bf5 23. Bh3 Rg5 (23... Rxd4 $5 24. Bxf5 Rh4 $15) 24. Bxf5 Rxf5 25. bxa4 Rxa4 26. Rc2 Bf8 27. Rb1 Rb4 28. Rcb2 Rxb2 (28... Rc4 {with more complications.} 29. Rxb7 c5 30. e6 cxd4 31. e7 Bxe7 32. Rxe7 h6) 29. Rxb2 {[%emt 0:00:02][%mdl 4096] Endgame KRB-KRB} c5 (29... b5 $5 ) 30. Bc3 b5 (30... d4 $14 31. exd4 Rf3) 31. Rxb5 $18 {[%emt 0:03:41] Black must now prevent e6.} Rxf2 {[%emt 0:00:06] [#]} 32. a4 ({Better is} 32. e6 $1 $16 {Strongly threatening Rb8.} Re2 33. Rb8 Rxe3 34. Re8) 32... Ra2 {[%emt 0:09:22] [#]} (32... Kf7 $11 {remains equal.}) 33. a5 (33. e6 $1 $16 {Intending Rb8 and mate.} Rxa4 34. Rb8) 33... Kf7 $11 {[%emt 0:04:10] The position is equal.} 34. Rb6 Be7 35. e6+ Kg6 36. Rb1 (36. Rb7 Bf6 37. e7 (37. Bxf6 Kxf6 38. e7 Kf7 $17) 37... Kf7 38. Bxf6 gxf6 $17) 36... Bd8 $1 37. Rb8 Bh4 (37... Bxa5 $2 38. e7 Bxc3 39. e8=Q+ $18 (39. e8=B+ $2 Kf6 $19)) 38. Rb1 (38. Rb7 Bf6 39. Rb8 (39. Bxf6 Kxf6 40. e7 Kf7 $17) 39... Kf5 $17) 38... Bd8 $1 39. Rb8 Bh4 (39... Bxa5 $2 40. e7 Bxc3 41. e8=Q+ $18 (41. e8=B+ $2 {too greedy.} Kf6 $19)) 40. Rb1 {[%emt 0:01:32] Weighted Error Value: White=0.14 (very precise) /Black=0.18 (very precise)} ({Don't play} 40. Rb7 Bf6 41. Rb8 (41. Bxf6 Kxf6 42. e7 Kf7 $17) 41... Kf5 $17) 1/2-1/2

[Event "US Masters 2022"]
[Site "Charlotte"]
[Date "2022.11.25"]
[Round "3.17"]
[White "Theodorou, Nikolas"]
[Black "Plotkin, Mark"]
[Result "1/2-1/2"]
[ECO "A06"]
[WhiteElo "2598"]
[BlackElo "2361"]
[Annotator "TA"]
[PlyCount "40"]
[EventDate "2022.11.23"]
[EventType "swiss"]
[EventCountry "USA"]
[SourceTitle "playchess.com"]
[Source "ChessBase"]
[SourceQuality "1"]
[TimeControl "5400+30"]

1. Nf3 d5 2. d4 Nf6 3. c4 c6 4. e3 e6 5. b3 Bd6 6. Bd3 Nbd7 7. Bb2 Ne4 {[%emt 0:01:24] A06: Réti Opening: 1 Nf3 d5.} 8. O-O f5 9. Ba3 Bc7 {[%emt 0:01:52] [#]} 10. Ne1 $146 ({Predecessor:} 10. Qc2 g5 11. Nc3 g4 12. Nd2 Rg8 13. cxd5 Bxh2+ 14. Kxh2 Qh4+ 15. Kg1 Nxc3 16. g3 {1-0 (30) Arat,U (2420)-Furhoff,J (2296) Izmir 2016}) 10... Qf6 11. f4 (11. Be2 $11) 11... g5 $1 $15 12. Bxe4 dxe4 13. Nc3 Qh6 14. d5 gxf4 {[%emt 0:03:43] aiming for ...f3.} 15. exf4 (15. dxc6 $11 bxc6 16. Bd6) 15... exd5 ({But not} 15... Bxf4 16. Rxf4 $1 Qxf4 17. Qh5+ Kd8 18. dxe6 Qe3+ 19. Kh1 Qxc3 20. Rd1 $16) (15... Rg8 {is interesting.} 16. Qd2 exd5 17. cxd5 Kf7) 16. cxd5 Bb6+ ({Better is} 16... Rg8 $17 {And now ...Kf7 would win.} 17. Qd2 Nf6) 17. Kh1 $11 Nf6 {[%emt 0:00:24] Strongly threatening ...Ng4.} 18. Nc2 (18. Nf3 $1 $11 {keeps the balance.}) 18... Rg8 $17 {[%emt 0:12:34] Hoping for ...Ng4.} 19. dxc6 $2 {[%emt 0:05:28] [#]} (19. Qe1 $17) 19... Rg6 $4 (19... Nh5 $1 $19 {[%csl Gg8][%cal Rh5g3] and life is good for Black.} 20. Ne2 (20. Qd5 $2 Ng3#) 20... bxc6) 20. Qd6 $18 {[%emt 0:05:14][%csl Ga3][%cal Rd6e7] The board is on fire.} Qxh2+ $1 {[%emt 0:00:42][%mdl 32832] Weighted Error Value: White=0.49/Black=0.32. An unexpected result.} 1/2-1/2

[Event "US Masters 2022"]
[Site "Charlotte"]
[Date "2022.11.24"]
[Round "3.18"]
[White "Garcia Molla, Victor"]
[Black "Burke, John M"]
[Result "*"]
[WhiteElo "2407"]
[BlackElo "2580"]
[Annotator "TA"]
[PlyCount "27"]
[EventDate "2022.11.23"]
[EventType "swiss"]
[EventCountry "USA"]
[SourceTitle "playchess.com"]
[Source "ChessBase"]
[SourceQuality "1"]
[TimeControl "5400+30"]

1. e4 c5 2. Nf3 d6 3. Bb5+ Nd7 4. d4 cxd4 5. Nxd4 Ngf6 {[%emt 0:00:38] The position is equal.} 6. O-O {[%emt 0:01:05] B51: Sicilian: Moscow Variation (3 Bb5+) without 3...Bd7.} a6 7. Bd3 Nc5 {[%emt 0:00:22] [#] A rather calm draw.   Weighted Error Value: White=0.00 (flawless) /Black=0.00 (flawless)} {Predecessor:} 8. Nc3 $146 e5 9. Nf5 Bxf5 10. exf5 d5 11. Bg5 d4 12. Ne4 Qb6 13. Bxf6 gxf6 14. Rb1 {1-0 (47) Pichot,A (2652)-Salem,A (2690) Chess.com INT 2022} *

[Event "US Masters 2022"]
[Site "Charlotte"]
[Date "2022.11.25"]
[Round "3.18"]
[White "Rodriguez Garcia, Victor"]
[Black "Burke, John M"]
[Result "0-1"]
[ECO "B51"]
[WhiteElo "2350"]
[BlackElo "2580"]
[Annotator "TA"]
[PlyCount "96"]
[EventDate "2022.11.23"]
[EventType "swiss"]
[EventCountry "USA"]
[SourceTitle "playchess.com"]
[Source "ChessBase"]
[SourceQuality "1"]
[TimeControl "5400+30"]

1. e4 c5 2. Nf3 d6 3. Bb5+ Nd7 4. d4 cxd4 5. Nxd4 Ngf6 6. O-O {[%emt 0:01:05] B51: Sicilian: Moscow Variation (3 Bb5+) without 3...Bd7.} a6 7. Bd3 Nc5 8. Re1 {[%emt 0:02:49] The position is equal.} e5 {[%emt 0:01:34] [#]} 9. Nb3 $146 ({Predecessor:} 9. Nf3 h6 10. c4 Nxd3 11. Qxd3 Be7 12. Nc3 O-O 13. Nd2 Be6 14. Nf1 Rc8 15. b3 {½-½ (34) Stijve,T (2394)-Rathanvel,V (2478) Biel 2022}) 9... Nxd3 10. Qxd3 Be7 11. Nc3 Be6 12. Bg5 Rc8 13. Rad1 Bc4 14. Qd2 Rc6 15. Qc1 O-O 16. Nd2 Be6 17. Nf1 b5 18. a3 Rc5 (18... h6 $5 19. Bxf6 Bxf6 $11) 19. Rd3 a5 (19... Bc4 $5 ) 20. Bxf6 Bxf6 21. Qd1 Qc8 22. Ne3 Bg5 $1 23. Nf5 b4 (23... g6 {seems wilder.} 24. Rg3 Bf6 25. Qxd6 Rd8) 24. axb4 axb4 25. Nxd6 (25. Nd5 $11 Bxd5 26. Rxd5 (26. Nxd6 Qc7 $15) 26... Rxd5 27. Qxd5) 25... Qc6 (25... Qc7 $1 $17 26. Nd5 (26. Ncb5 Qc6 $17) 26... Bxd5 27. Rxd5 Rxc2) 26. Nd5 $11 Bxd5 (26... Qxd6 $2 27. Nf6+ $1 (27. Nxb4 $2 {perishes.} Qb6 $19) 27... Bxf6 28. Rxd6 $18) 27. Rxd5 Rxc2 28. b3 (28. Nf5 $11) 28... Rc1 $17 29. Qe2 Qc2 {[%emt 0:00:14] Against Nc4} 30. Qf1 ({White should try} 30. Kf1) 30... Rxe1 $40 {[%emt 0:00:07][%mdl 128] Black attacks with force.} 31. Qxe1 Qxb3 32. g3 Qc3 33. Qb1 Ra8 34. Kg2 Be7 {[%emt 0:08:27] And now ...g6 would win.} ({Don't take} 34... Ra3 35. Qd1 g6 36. Nb5 $16) 35. Nf5 {[%emt 0:01:07] [#] Against g6} Bf8 36. Qd1 (36. Ne3 $17) 36... g6 ({Black should play} 36... Rb8 $19 {Strongly threatening ...b3.} 37. Rd8 Qc7 38. Ne7+ Kh8 39. Rxb8 Qxb8) 37. Rd8 $2 {[%emt 0:00:12] Prevents b3. This move loses the game for White.} (37. Ne3 $17) 37... Rxd8 $19 38. Qxd8 {[%emt 0:00:02][%mdl 4096] Endgame KQB-KQN} Qc5 ({Not} 38... gxf5 39. Qg5+ Bg7 40. Qd8+ Bf8 41. Qg5+ Bg7 42. Qd8+ Bf8 $11) 39. Ne3 b3 {[%emt 0:03:41] White must now prevent ...b2.} 40. Nd5 $2 (40. Qb8 Qb4 41. Qxb4 Bxb4 42. Nc4) 40... b2 41. Qb8 {[%emt 0:00:27] Prevents b1Q.} Qd4 42. f3 Kg7 43. g4 {[%emt 0:00:59] [#]} Bb4 $1 44. Qd8 (44. Qxb4 Qxb4) 44... b1=Q {[%emt 0:01:21] Black mates.} 45. Qf6+ Kg8 46. Qd8+ Bf8 47. Nf6+ Kg7 48. Ne8+ Kh8 {[%emt 0:00:05] Weighted Error Value: White=0.55/Black=0.17 (very precise)} 0-1